 Dungeon Crawl Stone Soup version 0.25-a0-975-gcae8493d64 (webtiles) character file.

Game seed: 18396432947950293950, levelgen mode: deterministic

8639 Flugslaktarn the Cleaver (level 11, -1/97 HPs)
             Began as a Minotaur Fighter on May 9, 2020.
             Was a Priest of Qazlal.
             Slain by a raiju (7 damage)
             ... on level 2 of the Abyss.
             The game lasted 00:04:52 (9500 turns).

Flugslaktarn the Cleaver (Minotaur Fighter)         Turns: 9500, Time: 00:04:53

Health: -1/97      AC: 15    Str: 18      XL:     11   Next: 12%
Magic:  13/13      EV:  5    Int:  5      God:    Qazlal [***...]
Gold:   426        SH: 15    Dex: 10 (12) Spells: 10/10 levels left

rFire    . . .     SeeInvis .   a - +1 war axe
rCold    . . .     Gourm    .   m - +0 kite shield
rNeg     . . .     Faith    .   l - +0 plate armour
rPois    .         Spirit   .   (helmet restricted)
rElec    .         Reflect  .   o - +0 cloak
rCorr    .         Harm     .   (no gloves)
MR       .....                  (no boots)
Stlth    ..........             (no amulet)
HPRegen  0.26/turn              (no ring)
MPRegen  0.13/turn              (no ring)

@: about to teleport
A: retaliatory headbutt, horns 2, [deterioration 2], [screaming 2], [weak 2]
a: Upheaval, Elemental Force, Renounce Religion


You were on level 2 of the Abyss.
You worshipped Qazlal.
Qazlal was most pleased with you.
You were hungry.

You visited 2 branches of the dungeon, and saw 10 of its levels.
You visited the Abyss 1 time.
You also visited: Ossuary.

You collected 426 gold pieces.

Inventory:

Hand Weapons
 a - a +1 war axe (weapon)
Missiles
 d - 6 throwing nets (quivered)
Armour
 l - a +0 plate armour (worn)
   (You took it off an orc warrior on level 9 of the Dungeon)
 m - a +0 kite shield (worn)
 o - a +0 cloak (worn)
   (You took it off Crazy Yiuf on level 5 of the Dungeon)
Jewellery
 c - an uncursed ring of protection from cold
   (You took it off an orc wizard on level 9 of the Dungeon)
 g - a +2 ring of strength {unknown}
   (You found it on level 9 of the Dungeon)
Scrolls
 f - a scroll of immolation {unknown}
 k - 2 scrolls of magic mapping {unknown}
 n - 2 scrolls of fog
 r - 2 scrolls of identify
 x - a scroll of remove curse
Potions
 h - 3 potions of cancellation
 i - 4 potions of flight
 q - 3 potions of curing
Comestibles
 e - 13 rations


   Skills:
 + Level 9.5 Fighting
 * Level 12.4 Axes
 + Level 9.5 Armour
 + Level 9.6 Shields
 + Level 5.0 Invocations


You had 10 spell levels left.
You didn't know any spells.
Your spell library was empty.

Dungeon Overview and Level Annotations

Branches:
Dungeon (9/15)             Temple (1/1) D:6         Ossuary (visited)
   Lair: D:8-11         Orc: D:9-12

Altars:
Ashenzari
Cheibriados
Dithmenos
Elyvilon
Fedhas
Gozag
Hepliaklqana
Kikubaaqudgha
Makhleb
Nemelex Xobeh
Okawaru
Qazlal
Ru
Sif Muna
Trog
Uskayaw
Vehumet
Wu Jian
Xom
Yredelemnul
Zin
The Shining One

Shops:
D:8 :

Annotations:
D:9 Psyche


Innate Abilities, Weirdness & Mutations

You reflexively headbutt those who attack you in melee.
You have a pair of horns on your head.
[Your body often deteriorates upon taking damage.]
[You sometimes yell uncontrollably at your foes.]
[You are very weak. (Str -4)]


Message History

You feel the power of the Abyss delaying your translocation!
The wretched star pulses with an eldritch light!
You feel yourself wasting away.
You feel your body start to fall apart. You block the raiju's attack.
The raiju bites you but does no damage. You block the raiju's attack.
Unknown command.
You closely miss the raiju. Your headbutt misses the raiju.
The raiju is lightly wounded.
You slash the raiju!
Your plate armour prevents you from hitting the raiju.
The raiju bursts into living lightning!
The living lightning misses the raiju.
The living lightning hits you!
* * * LOW HITPOINT WARNING * * *
Your body deteriorates!
You feel clumsy. The living lightning hits you!
* * * LOW HITPOINT WARNING * * *
The raiju blinks!
You block the raiju's attack. The raiju bites you.
* * * LOW HITPOINT WARNING * * *
The raiju shocks you!
You die...

.. ...... . . ..
####.
.............. #
.... . .....#
....# ..
...###...###...##
.. .
##.#.#.....#.....#
# .
#.......h....... .
.. #
##.......*......
#..
#.....○.h...... .
# .#..§h@#... . #
##..h## . #
#.....# .
.......... .
#...........
#........ ...
...#.....#....
#####...###...
..... ..


You could see a wretched star and 4 raiju.

Vanquished Creatures
  Harold (D:7)
  Erica (D:8)
  A troll (D:9)
  Prince Ribbit (D:7)
  A hippogriff (D:8)
  Grum (D:8)
  A hungry ghost (D:8)
  A steam dragon (D:7)
  2 insubstantial wisps (D:7)
  A large abomination (Abyss:2)
  Edmund (D:5)
  2 orc warriors
  8 sky beasts
  An ice beast (D:9)
  3 black bears
  A phantom (D:4)
  3 wolves (D:8)
  9 ogres
  A necrophage (D:6)
  3 centaurs
  A big kobold (D:8)
  An elf zombie (Ossuary)
  2 bullfrogs
  A gnoll sergeant (D:7)
  An earth elemental (Abyss:2)
  A water moccasin zombie (D:6)
  2 scorpions
  11 killer bees
  4 wights (D:7)
  4 howler monkeys
  5 crimson imps
  A quasit (Abyss:2)
  A centaur zombie (D:5)
  5 hounds
  4 jellies
  8 orc priests
  Crazy Yiuf (D:5)
  3 human zombies (Ossuary)
  A centaur skeleton (D:5)
  14 orc wizards
  2 bullfrog skeletons
  8 worker ants
  3 mummies
  A worker ant zombie (D:5)
  6 gnolls
  5 adders
  2 shadow imps (D:7)
  2 adder zombies (Ossuary)
  3 dart slugs (D:1)
  3 leopard geckos
  38 orcs
  A ball python (D:4)
  3 bats
  4 giant cockroaches
  A goblin (D:3)
  2 quokkas
  2 frilled lizards (D:5)
  A goblin zombie (Ossuary)
  7 hobgoblin zombies (Ossuary)
  A jackal zombie (D:8)
  5 kobolds
  15 kobold zombies (Ossuary)
  2 leopard gecko skeletons
  6 orc zombies (Ossuary)
  A quokka skeleton (D:6)
  A quokka zombie (D:5)
  A rat zombie (Ossuary)
240 creatures vanquished.

Vanquished Creatures (others)
  An orc wizard (D:6)
1 creature vanquished.

Grand Total: 241 creatures vanquished

Notes
Turn   | Place    | Note
-------+----------+-------------------------------------------
     0 | D:1      | Flugslaktarn the Minotaur Fighter began the quest for the
                  | Orb.
     0 | D:1      | Reached XP level 1. HP: 19/19 MP: 0/0
    61 | D:1      | Reached XP level 2. HP: 22/27 MP: 1/1
   159 | D:2      | Reached skill level 3 in Axes
   274 | D:3      | Reached XP level 3. HP: 23/33 MP: 2/2
   425 | D:4      | Noticed a scorpion
   434 | D:4      | Killed a scorpion
   434 | D:4      | Reached skill level 4 in Axes
   434 | D:4      | Reached XP level 4. HP: 27/40 MP: 3/3
   676 | D:4      | Reached XP level 5. HP: 35/47 MP: 4/4
  1108 | D:4      | Reached skill level 5 in Axes
  1342 | D:4      | Reached XP level 6. HP: 49/55 MP: 5/5
  1430 | D:4      | Reached skill level 5 in Fighting
  1430 | D:4      | Reached skill level 5 in Armour
  1430 | D:4      | Reached skill level 5 in Shields
  1800 | D:5      | Entered Level 5 of the Dungeon
  1800 | D:5      | Noticed a sky beast
  1810 | D:5      | Killed a sky beast
  1822 | D:5      | Reached skill level 6 in Axes
  1822 | D:5      | Reached XP level 7. HP: 5/61 MP: 6/6
  2207 | D:5      | Found a runed translucent door.
  2208 | D:5      | Noticed Crazy Yiuf
  2274 | D:5      | Killed Crazy Yiuf
  2328 | D:5      | Found a sparkling altar of Nemelex Xobeh.
  2368 | D:5      | Reached skill level 7 in Axes
  2514 | D:5      | Noticed Edmund
  2535 | D:5      | Killed Edmund
  2535 | D:5      | Reached XP level 8. HP: 27/70 MP: 7/7
  3265 | D:6      | Reached skill level 8 in Axes
  3636 | D:6      | Found a sand-covered staircase.
  3651 | Ossuary  | Entered an ossuary
  3850 | Ossuary  | Reached skill level 9 in Axes
  4108 | D:6      | Found a staircase to the Ecumenical Temple.
  4136 | D:6      | Reached XP level 9. HP: 73/79 MP: 8/8
  4140 | Temple   | Entered the Ecumenical Temple
  4260 | Temple   | Became a worshipper of Qazlal Stormbringer
  4348 | D:6      | Found an ornate altar of the Wu Jian Council.
  4698 | D:6      | Reached skill level 1 in Invocations
  4836 | D:7      | Noticed Harold
  5348 | D:7      | Killed Harold
  5348 | D:7      | Reached skill level 10 in Axes
  6014 | D:7      | Reached XP level 10. HP: 59/89 MP: 11/11
  6083 | D:7      | Reached * piety under Qazlal
  6138 | D:7      | Noticed Prince Ribbit
  6155 | D:7      | Killed Prince Ribbit
  6155 | D:7      | Reached skill level 11 in Axes
  6425 | D:7      | Found a blossoming altar of Fedhas.
  7167 | D:8      | Noticed Erica
  7168 | D:8      | Noticed Grum
  7197 | D:8      | Killed Erica
  7210 | D:8      | Killed Grum
  7558 | D:8      | Reached skill level 12 in Axes
  7653 | D:8      | Reached ** piety under Qazlal
  8228 | D:8      | Found a radiant altar of Vehumet.
  8661 | D:8      | Reached XP level 11. HP: 97/97 MP: 13/13
  8696 | D:8      | Found Muuch's Book Shoppe.
  9085 | D:9      | Found an opulent altar of Gozag.
  9148 | D:9      | Reached skill level 5 in Invocations
  9149 | D:9      | Reached *** piety under Qazlal
  9320 | D:9      | Noticed Psyche
  9322 | D:9      | Cast into level 2 of the Abyss (Psyche)
  9334 | Abyss:2  | Noticed a tentacled starspawn
  9336 | Abyss:2  | Noticed a starcursed mass
  9336 | Abyss:2  | Noticed a thrashing horror
  9336 | Abyss:2  | Noticed a tentacled monstrosity
  9337 | Abyss:2  | Found a corrupted altar of Lugonu.
  9337 | Abyss:2  | Noticed a wretched star
  9337 | Abyss:2  | Noticed a thrashing horror
  9367 | Abyss:2  | Noticed a bone dragon
  9491 | Abyss:2  | Noticed a wretched star
  9500 | Abyss:2  | Slain by a raiju

Illustrated notes

Levels and vault maps discovered:
D:1:      dpeg_arrival_rooms_with_view, layout_loops_ring
D:2:      layout_rooms, first_ration
D:3:      layout_loops_ring, chequers_ecumenical_altar_island, serial_bayou,
          serial_bayou_lake_a, serial_bayou_pond_e, serial_bayou_pond_c,
          serial_bayou_lagoon_a, minmay_misc_feat_doors, dk_vineyard_3
D:4:      layout_loops_ring
D:5:      layout_loops_ring, nemelex_xobeh_ov_fountains_minmay, uniq_edmund,
          uniq_crazy_yiuf_cottage
D:6:      layout_rooms, minmay_temple_entry_glass, gup_ossuary_entry_pyramid,
          chequers_decorated_corner, kennysheep_flooded_box
D:7:      layout_basic, nicolae_overflow_hidden_temple, grunt_ogre_cave,
          hangedman_misty_isle, uniq_harold, uniq_prince_ribbit1
D:8:      layout_loops_ring, marbit_many_paths, serial_shops,
          kennysheep_little_box, uniq_grum, uniq_erica
D:9:      layout_roguey, nicolae_gozag_seed_capital, serial_shops, shop,
          ebering_ghost_reflecting_pool, hangedman_decor_diamond_cutter,
          roderic_serpentine_path, st_stairs_3, grunt_ministairs_9,
          kennysheep_generic_room_11, uniq_psyche
Temple:   compressed_dpeg_circular_temple
Abyss:2:  base: D:1, base: Temple, gammafunk_corrupted_shrine,
          gammafunk_corrupted_shrine

Skill      XL: |  1  2  3  4  5  6  7  8  9 10 11 |
---------------+----------------------------------+-----
Axes           | 3 4 5 6 7 9 10 12 | 12.4
Fighting       | 4 5 6 7 8 9 |  9.5
Armour         | 4 5 6 7 8 9 |  9.5
Shields        | 4 5 6 7 8 9 |  9.6
Invocations    | 3 4 5 |  5.0

Action                   |  1- 3 |  4- 6 |  7- 9 | 10-12 || total
-------------------------+-------+-------+-------+-------++-------
Melee: War axe           |    54 |    76 |   319 |   361 ||   810
       Headbutt          |     4 |    11 |    59 |    70 ||   144
  Use: Potion            |       |       |     7 |     5 ||    12
       Scroll            |       |       |     7 |     4 ||    11
  Eat: Chunk             |       |     2 |     5 |     9 ||    16
       Ration            |       |     1 |     2 |     1 ||     4
Armor: Scale mail        |    31 |    28 |   130 |     1 ||   190
       Chain mail        |       |       |       |   118 ||   118
       Plate armour      |       |       |       |    25 ||    25
Dodge: Dodged            |    19 |    16 |    97 |    70 ||   202
Block: Kite shield       |    30 |    33 |   170 |   247 ||   480

Table legend:
 A = Non-vault XP
 B = Vault XP
 C = Vault XP percentage of total XP
 D = Non-vault monster count
 E = Vault monster count
 F = Vault count percentage of total count
                 A         B        C        D         E       F
            +---------+---------+-------+---------+---------+-------
      Total |    7421 |    4921 |  39.9 |     177 |      64 |  26.6
            +---------+---------+-------+---------+---------+-------
        D:1 |      14 |       1 |   6.7 |       4 |       1 |  20.0
        D:2 |      15 |       0 |   0.0 |       2 |       0 |   0.0
        D:3 |      29 |       0 |   0.0 |       8 |       0 |   0.0
        D:4 |     449 |       0 |   0.0 |      13 |       0 |   0.0
        D:5 |     883 |     204 |  18.8 |      27 |       2 |   6.9
        D:6 |    1549 |      18 |   1.1 |      35 |       1 |   2.8
        D:7 |    1676 |    2260 |  57.4 |      29 |       9 |  23.7
        D:8 |    2168 |    1762 |  44.8 |      51 |       6 |  10.5
        D:9 |     343 |     376 |  52.3 |       5 |       7 |  58.3
    Abyss:2 |     295 |       0 |   0.0 |       3 |       0 |   0.0
    Ossuary |       0 |     300 | 100.0 |       0 |      38 | 100.0
            +---------+---------+-------+---------+---------+-------
